SA
NEBRASKA PLAINSMEN @ PHOENIX HOTSPUR U-21
06/03/2025
 
TOP OF THE 1ST
Nebraska Plainsmen batting - Pitching for Phoenix Hotspur U-21 : RHP Alberto Solís
Pitching: RHP Alberto Solís
Batting: RHB Júlio Vargas 0-0: Ground out 6-3 (Groundball, 6)
Batting: RHB Bob Barlow 0-0: Ball
1-0: SINGLE (Groundball, 6MD)
Batting: RHB Lorenzo Ruíz 0-0: Ball
1-0: Ball
2-0: Called Strike
2-1: Ball
3-1: Base on Balls
Bob Barlow to second
Batting: RHB Carl Wheezer 0-0: Called Strike
0-1: Foul Ball, location: 2F
0-2: Foul Ball, location: 2F
0-2: Strikes out looking
Batting: RHB Ángel Macías 0-0: Called Strike
0-1: Ball
1-1: Ball
2-1: Fielders Choice at 2nd, 4-6 (Groundball, 4)
Top of the 1st over - 0 run(s), 1 hit(s), 0 error(s), 1 left on base; Nebraska 0 - Phoenix 0
BOTTOM OF THE 1ST
Phoenix Hotspur U-21 batting - Pitching for Nebraska Plainsmen : RHP Juan Contreras
Pitching: RHP Juan Contreras
Batting: RHB Solomon Norment 0-0: Ball
1-0: SINGLE (Flyball, 7LS)
Batting: RHB Germán Alfaro 0-0: Swinging Strike
0-1: Ball
1-1: Ball
2-1: Foul Ball, location: 2F
2-2: Ball
3-2: Strikes out looking
Batting: LHB Roberto Fierro 0-0: Called Strike
Solomon Norment steals 2nd base
0-1: Ball
1-1: Foul Ball, location: 2F
1-2: SINGLE (Line Drive, 8LM)
Solomon Norment to third
Runner from 3rd tries for Home, SAFE, no throw
Batting: RHB Rubén Andrada 0-0: Ball
1-0: Called Strike
1-1: Foul Ball, location: 2F
1-2: Strikes out looking
Batting: RHB Hieronymus Bosch 0-0: Ball
Roberto Fierro steals 2nd base
1-0: Foul Ball, location: 2F
1-1: Ground out 5-3 (Groundball, 56S)
Bottom of the 1st over - 1 run(s), 2 hit(s), 0 error(s), 1 left on base; Nebraska 0 - Phoenix 1
TOP OF THE 2ND
Nebraska Plainsmen batting - Pitching for Phoenix Hotspur U-21 : RHP Alberto Solís
Batting: LHB Lance Antle 0-0: Foul Ball, location: 2F
0-1: Called Strike
0-2: Ball
1-2: Strikes out looking
Batting: SHB José Ángel 0-0: Foul Ball, location: 2F
0-1: Foul Ball, location: 2F
0-2: Ball
1-2: Strikes out swinging
Batting: RHB Amos Bies 0-0: Called Strike
0-1: Ball
1-1: Ball
2-1: Ball
3-1: Foul Ball, location: 2F
3-2: Strikes out looking
Top of the 2nd over - 0 run(s), 0 hit(s), 0 error(s), 0 left on base; Nebraska 0 - Phoenix 1
BOTTOM OF THE 2ND
Phoenix Hotspur U-21 batting - Pitching for Nebraska Plainsmen : RHP Juan Contreras
Batting: RHB Takashi Miike 0-0: Ball
1-0: Ball
2-0: Ball
3-0: Hit by Pitch
Batting: LHB Tyler Kinjeketile 0-0: Ball
1-0: Called Strike
1-1: Ball
2-1: Ground out U3 (Groundball, 23)
Takashi Miike to second
Batting: RHB Juan Negrete 0-0: Called Strike
0-1: SINGLE (Groundball, 56S) (infield hit)
Takashi Miike to third
Batting: RHB Bill Erickson 0-0: Called Strike
0-1: Ball
1-1: Ball
2-1: Foul Ball, location: 2F
2-2: Foul Ball, location: 2F
2-2: Strikes out looking
Batting: RHB Solomon Norment 0-0: Ball
1-0: Called Strike
1-1: Foul Ball, location: 2F
1-2: Strikes out swinging
Bottom of the 2nd over - 0 run(s), 1 hit(s), 0 error(s), 2 left on base; Nebraska 0 - Phoenix 1
TOP OF THE 3RD
Nebraska Plainsmen batting - Pitching for Phoenix Hotspur U-21 : RHP Alberto Solís
Batting: RHB Bryce Honour 0-0: Ball
1-0: Fly out, F9 (Flyball, 9S)
Batting: RHB Júlio Vargas 0-0: Foul Ball, location: 2F
0-1: Called Strike
0-2: Ball
1-2: Foul Ball, location: 2F
1-2: Strikes out swinging
Batting: RHB Bob Barlow 0-0: Ball
1-0: Ground out 6-3 (Groundball, 56)
Top of the 3rd over - 0 run(s), 0 hit(s), 0 error(s), 0 left on base; Nebraska 0 - Phoenix 1
BOTTOM OF THE 3RD
Phoenix Hotspur U-21 batting - Pitching for Nebraska Plainsmen : RHP Juan Contreras
Batting: RHB Germán Alfaro 0-0: Ball
1-0: DOUBLE (Line Drive, 7LM)
Batting: LHB Roberto Fierro 0-0: Ball
1-0: Fly out, F3 (Line Drive, 34)
Batting: RHB Rubén Andrada 0-0: Foul Ball, location: 2F
0-1: Swinging Strike
0-2: Strikes out swinging
Batting: RHB Hieronymus Bosch 0-0: Foul Ball, location: 2F
0-1: Ball
1-1: SINGLE (Flyball, 56D)
Germán Alfaro to third
Runner from 3rd tries for Home, SAFE, no throw
Batting: RHB Takashi Miike 0-0: Ball
1-0: Ball
2-0: Ball
3-0: Base on Balls
Hieronymus Bosch to second
Batting: LHB Tyler Kinjeketile 0-0: Ball
1-0: Fly out, F8 (Line Drive, 8LM)
Bottom of the 3rd over - 1 run(s), 2 hit(s), 0 error(s), 2 left on base; Nebraska 0 - Phoenix 2
TOP OF THE 4TH
Nebraska Plainsmen batting - Pitching for Phoenix Hotspur U-21 : RHP Alberto Solís
Batting: RHB Lorenzo Ruíz 0-0: Ball
1-0: Foul Ball, location: 2F
1-1: Fly out, F7 (Line Drive, 7)
Batting: RHB Carl Wheezer 0-0: Ball
1-0: Called Strike
1-1: Swinging Strike
1-2: Ball
2-2: Foul Ball, location: 2F
2-2: Ball
3-2: Ground out 4-3 (Groundball, 4)
Batting: RHB Ángel Macías 0-0: Called Strike
0-1: Called Strike
0-2: Foul Ball, location: 2F
0-2: Fly out, F9 (Flyball, 9)
Top of the 4th over - 0 run(s), 0 hit(s), 0 error(s), 0 left on base; Nebraska 0 - Phoenix 2
BOTTOM OF THE 4TH
Phoenix Hotspur U-21 batting - Pitching for Nebraska Plainsmen : RHP Juan Contreras
Batting: RHB Juan Negrete 0-0: Ball
1-0: Called Strike
1-1: Ball
2-1: Ball
3-1: Foul Ball, location: 2F
3-2: SINGLE (Groundball, 56S) (infield hit)
Batting: RHB Bill Erickson 0-0: Ball
1-0: Ball
2-0: Foul Ball, location: 2F
2-1: SINGLE (Groundball, 4MD)
Juan Negrete to second
Runner from 2nd tries for 3rd, SAFE, no throw
Batting: RHB Solomon Norment 0-0: Ball
1-0: Ball
2-0: Foul Ball, location: 2F
2-1: Fly out, F8 (Flyball, 8LS)
Runner from 3rd tags up, SCORES, no throw
Batting: RHB Germán Alfaro 0-0: Called Strike
0-1: Reached on error, E5 (Groundball, 56)
Bill Erickson to second
Batting: LHB Roberto Fierro 0-0: Ball
1-0: Called Strike
1-1: Ball
2-1: Ball
3-1: Swinging Strike
3-2: Strikes out swinging
Batting: RHB Rubén Andrada 0-0: Fly out, F8 (Flyball, 8RM)
Bottom of the 4th over - 1 run(s), 2 hit(s), 1 error(s), 2 left on base; Nebraska 0 - Phoenix 3
TOP OF THE 5TH
Nebraska Plainsmen batting - Pitching for Phoenix Hotspur U-21 : RHP Alberto Solís
Batting: LHB Lance Antle 0-0: Ball
1-0: Called Strike
1-1: Fly out, F6 (Popup, 56D)
Batting: SHB José Ángel 0-0: Fly out, F7 (Flyball, 7S)
Batting: RHB Amos Bies 0-0: Ball
1-0: Foul Ball, location: 2F
1-1: Fly out, F4 (Line Drive, 4M)
Top of the 5th over - 0 run(s), 0 hit(s), 0 error(s), 0 left on base; Nebraska 0 - Phoenix 3
BOTTOM OF THE 5TH
Phoenix Hotspur U-21 batting - Pitching for Nebraska Plainsmen : RHP Juan Contreras
Batting: RHB Hieronymus Bosch 0-0: SINGLE (Line Drive, 78M)
Batting: RHB Takashi Miike 0-0: Ball
1-0: Bunt missed!
1-1: Sac Bunt - play at first, batter OUT! 2-4
Hieronymus Bosch to second
Batting: LHB Tyler Kinjeketile 0-0: Foul Ball, location: 2F
0-1: Fly out, F8 (Flyball, 8RM)
Batting: RHB Juan Negrete 0-0: Foul Ball, location: 2F
0-1: Fly out, F7 (Line Drive, 7)
Bottom of the 5th over - 0 run(s), 1 hit(s), 0 error(s), 1 left on base; Nebraska 0 - Phoenix 3
TOP OF THE 6TH
Nebraska Plainsmen batting - Pitching for Phoenix Hotspur U-21 : RHP Alberto Solís
Batting: RHB Bryce Honour 0-0: Ball
1-0: Ball
2-0: Foul Ball, location: 2F
2-1: Foul Ball, location: 2F
2-2: Strikes out swinging
Batting: RHB Júlio Vargas 0-0: Ball
1-0: Called Strike
1-1: Swinging Strike
1-2: Ball
2-2: Foul Ball, location: 2F
2-2: Strikes out swinging
Batting: RHB Bob Barlow 0-0: Ball
1-0: Foul Ball, location: 2F
1-1: Ball
2-1: Foul Ball, location: 2F
2-2: Foul Ball, location: 2F
2-2: Foul Ball, location: 2F
2-2: Foul Ball, location: 2F
2-2: Ball
3-2: Foul Ball, location: 2F
3-2: Fly out, F6 (Flyball, 6MD)
Top of the 6th over - 0 run(s), 0 hit(s), 0 error(s), 0 left on base; Nebraska 0 - Phoenix 3
BOTTOM OF THE 6TH
Phoenix Hotspur U-21 batting - Pitching for Nebraska Plainsmen : RHP Juan Contreras
Batting: RHB Bill Erickson 0-0: Foul Ball, location: 2F
0-1: Swinging Strike
0-2: Strikes out swinging
Batting: RHB Solomon Norment 0-0: Ball
1-0: Ball
2-0: SINGLE (Groundball, 6MD)
Batting: RHB Germán Alfaro 0-0: Ball
1-0: Called Strike
1-1: Called Strike
Solomon Norment is caught stealing 2nd base
1-2: Ball
2-2: Fly out, F3 (Popup, 3L)
Bottom of the 6th over - 0 run(s), 1 hit(s), 0 error(s), 0 left on base; Nebraska 0 - Phoenix 3
TOP OF THE 7TH
Nebraska Plainsmen batting - Pitching for Phoenix Hotspur U-21 : RHP Alberto Solís
Batting: RHB Lorenzo Ruíz 0-0: Ground out U3 (Groundball, 34)
Batting: RHB Carl Wheezer 0-0: Ball
1-0: Called Strike
1-1: Ground out 6-3 (Groundball, 6)
Batting: RHB Ángel Macías 0-0: Foul Ball, location: 2F
0-1: Ball
1-1: Ball
2-1: Foul Ball, location: 2F
2-2: Strikes out swinging
Top of the 7th over - 0 run(s), 0 hit(s), 0 error(s), 0 left on base; Nebraska 0 - Phoenix 3
BOTTOM OF THE 7TH
Phoenix Hotspur U-21 batting - Pitching for Nebraska Plainsmen : RHP Juan Contreras
Batting: LHB Roberto Fierro 0-0: DOUBLE (Groundball, 3L)
Batting: RHB Rubén Andrada 0-0: Intentional Walk
Batting: RHB Hieronymus Bosch 0-0: Ball
1-0: Called Strike
1-1: Ball
2-1: Ball
3-1: Called Strike
3-2: Foul Ball, location: 2F
3-2: Base on Balls
Roberto Fierro to third
Rubén Andrada to second
Batting: RHB Takashi Miike 0-0: Called Strike
0-1: SINGLE (Groundball, 6MD)
Roberto Fierro scores
Rubén Andrada to third
Hieronymus Bosch to second
Pitching: RHP Enrique Castillo
Batting: LHB Tyler Kinjeketile 0-0: Swinging Strike
0-1: Ball
1-1: Foul Ball, location: 2F
1-2: Strikes out swinging
Batting: RHB Juan Negrete 0-0: SINGLE (Groundball, 6MD)
Rubén Andrada scores
Hieronymus Bosch to third
Takashi Miike to second
Runner from 3rd tries for Home, SAFE, throw made at trailing runner, OUT at third!
Batting: RHB Bill Erickson 0-0: Ball
1-0: Ball
Juan Negrete is caught stealing 2nd base
Bottom of the 7th over - 3 run(s), 3 hit(s), 0 error(s), 0 left on base; Nebraska 0 - Phoenix 6
TOP OF THE 8TH
Nebraska Plainsmen batting - Pitching for Phoenix Hotspur U-21 : RHP Alberto Solís
Now at 1B: Juan Rivera
Now at SS: Juan Román
Now in LF: Bernardo Rivera
Batting: LHB Lance Antle 0-0: SINGLE (Groundball, 4M) (infield hit)
Batting: SHB José Ángel 0-0: Called Strike
0-1: Called Strike
0-2: Ball
1-2: Strikes out looking
Batting: RHB Amos Bies 0-0: Ball
1-0: Ball
2-0: Called Strike
2-1: Ball
3-1: Fly out, F2 (Popup, 13)
Batting: RHB Bryce Honour 0-0: Ball
1-0: Ball
2-0: Ball
3-0: Called Strike
3-1: Base on Balls
Lance Antle to second
Batting: RHB Júlio Vargas 0-0: Swinging Strike
0-1: Ball
1-1: Foul Ball, location: 2F
1-2: Foul Ball, location: 2F
1-2: Strikes out swinging
Top of the 8th over - 0 run(s), 1 hit(s), 0 error(s), 2 left on base; Nebraska 0 - Phoenix 6
BOTTOM OF THE 8TH
Phoenix Hotspur U-21 batting - Pitching for Nebraska Plainsmen : RHP Enrique Castillo
Batting: RHB Bill Erickson 0-0: Ball
1-0: Called Strike
1-1: Ball
2-1: Ball
3-1: Base on Balls
Batting: RHB Solomon Norment 0-0: Called Strike
0-1: Ball
1-1: Called Strike
1-2: Foul Ball, location: 2F
1-2: Ball
2-2: Fly out, F9 (Flyball, 9)
Batting: RHB Germán Alfaro Pickoff Throw to First - Out!
0-0: Ball
1-0: Fly out, F8 (Flyball, 8RD)
Bottom of the 8th over - 0 run(s), 0 hit(s), 0 error(s), 0 left on base; Nebraska 0 - Phoenix 6
TOP OF THE 9TH
Nebraska Plainsmen batting - Pitching for Phoenix Hotspur U-21 : RHP Alberto Solís
Batting: RHB Bob Barlow 0-0: Ball
1-0: Foul Ball, location: 2F
1-1: Ground out 6-3 (Groundball, 6M)
Pitching: RHP Kenny Kawaguchi
Batting: RHB Lorenzo Ruíz 0-0: Called Strike
0-1: Swinging Strike
0-2: Strikes out swinging
Batting: RHB Carl Wheezer 0-0: Called Strike
0-1: DOUBLE (Groundball, 5L)
Batting: RHB Ángel Macías 0-0: Ball
1-0: Called Strike
1-1: Fly out, F7 (Flyball, 78S)
Top of the 9th over - 0 run(s), 1 hit(s), 0 error(s), 1 left on base; Nebraska 0 - Phoenix 6
Friday, December 30th, 2016 - OOTP Baseball 17.12 Build 75